 Dungeon Crawl Stone Soup version 0.15.1-3-g1b33baa (webtiles) character file.

15760 Chiseanne the Thaumaturge (level 11, -1/74 HPs)
             Began as a Demigod Wizard on Oct 12, 2014.
             Engulfed by their own flame (10 damage)
             ... on Level 4 of the Orcish Mines.
             The game lasted 02:17:18 (18564 turns).

Chiseanne the Thaumaturge (Demigod Wizard)         Turns: 18564, Time: 02:17:18

HP  -1/74        AC 12     Str 15      XL: 11   Next: 73%
MP   1/41        EV 16     Int 26      God:
Gold 468         SH  0     Dex 16      Spells:  9 memorised,  5 levels left

rFire  + . .     SeeInvis .     a - +3 falchion of Streerei {holy, +Rage rF+ rC+ Stlth-}
rCold  + . .     Clarity  +     D - +1 troll leather armour
rNeg   . . .     rCorr    .     (no shield)
rPois  .         rRot     .     I - +0 helmet
rElec  .         Spirit   .     n - +2 cloak {+Inv}
SustAb .         Warding  .     O - +2 pair of gloves {Str+3}
rMut   .         Stasis   .     (no boots)
Gourm  .                        F - amulet of clarity
MR     +....                    M - ring of wizardry
                                H - ring of magical power

@: somewhat resistant to hostile enchantments, very unstealthy
A: no striking features
a: Evoke Berserk Rage, Evoke Invisibility


You were on level 4 of the Orcish Mines.
You were hungry.

You visited 4 branches of the dungeon, and saw 17 of its levels.
You also visited: Ossuary.

You collected 1463 gold pieces.
You spent 995 gold pieces at shops.

Inventory:

Hand weapons
 a - the +3 falchion of Streerei (weapon) {holy, +Rage rF+ rC+ Stlth-}
   (You found it on level 9 of the Dungeon)

   It has been blessed by the Shining One to cause great damage to the undead
   and demons.
   It protects you from fire.
   It protects you from cold.
   It lets you go berserk.
   It makes you less stealthy.
 s - a +2 dagger of venom
 B - a +1 whip of flaming
Missiles
 f - 4 javelins (quivered)
 R - 2 throwing nets
Armour
 n - a +2 cloak of darkness (worn)
 D - a +1 troll leather armour (worn)
 I - a +0 helmet (worn)
 O - a +2 pair of gloves of strength (worn)
Magical devices
 l - a wand of teleportation (5)
 t - a wand of teleportation (5)
 z - a wand of frost (0)
 E - a wand of cold (0)
 J - a wand of heal wounds (0)
 K - a wand of fire (0)
 U - a wand of paralysis (0)
Comestibles
 d - 6 bread rations
 m - 4 meat rations
 L - 3 rotting chunks of orc flesh
 P - a chunk of orc flesh
 T - 5 beef jerkies
Scrolls
 h - a scroll of blinking
 o - 7 scrolls of identify
 r - 5 scrolls of remove curse
 u - a scroll of immolation
 w - 2 scrolls of fog
 A - a scroll of teleportation
 N - a scroll of enchant weapon
Jewellery
 e - an uncursed ring of protection from magic
 i - a +5 ring of strength
 p - an uncursed ring of sustain abilities
 F - an amulet of clarity (around neck)
 H - a ring of magical power (left hand)
 M - a ring of wizardry (right hand)
Potions
 b - a potion of might
 g - a potion of magic
 j - 9 potions of brilliance
 k - 3 potions of heal wounds
 q - a potion of agility
 v - 2 potions of restore abilities
 x - a potion of haste
 C - 4 potions of curing
Books
 c - a book of Minor Magic

   Spells                             Type                      Level
   *Magic Dart                        Conjuration                  1
   *Blink                             Translocation                2
   Call Imp                           Summoning                    2
   *Repel Missiles                    Charms/Air                   2
   Slow                               Hexes                        2
   *Conjure Flame                     Conjuration/Fire             3
   *Mephitic Cloud                    Conjuration/Poison/Air       3
 y - Blyob's Volume of Igneous Confrontation
   (You found it on level 9 of the Dungeon)

   Spells                             Type                      Level
   Flame Tongue                       Conjuration/Fire             1
   *Conjure Flame                     Conjuration/Fire             3
   Sticky Flame                       Conjuration/Fire             4
   *Bolt of Magma                     Conjuration/Fire/Earth       5
   Bolt of Fire                       Conjuration/Fire             6
 G - a book of the Earth

   Spells                             Type                      Level
   *Leda's Liquefaction               Hexes/Earth                  4
   *Bolt of Magma                     Conjuration/Fire/Earth       5
   Statue Form                        Transmutation/Earth          6
   Iron Shot                          Conjuration/Earth            6
   Shatter                            Earth                        9
 Q - a book of Debilitation

   Spells                             Type                      Level
   Corona                             Hexes                        1
   Slow                               Hexes                        2
   *Inner Flame                       Hexes/Fire                   3
   *Enslavement                       Hexes                        4
   Cause Fear                         Hexes                        4
   *Leda's Liquefaction               Hexes/Earth                  4


   Skills:
 - Level 7.5 Dodging
 - Level 1.7 Stealth
 - Level 11.3 Spellcasting
 - Level 5.0 Conjurations
 - Level 2.5 Hexes
   Level 0.8 Summonings
 - Level 0.8 Translocations
 * Level 7.1 Fire Magic
 - Level 3.6 Earth Magic
 - Level 5.9 Evocations


You had 5 spell levels left.
You knew the following spells:

 Your Spells              Type           Power        Failure   Level  Hunger
a - Magic Dart            Conj           ####         1%          1    None
b - Repel Missiles        Chrm/Air       ##....       4%          2    None
c - Conjure Flame         Conj/Fire      #####...     1%          3    None
d - Mephitic Cloud        Conj/Pois/Air  ###.....     3%          3    None
e - Blink                 Tloc           N/A          1%          2    None
f - Leda's Liquefaction   Hex/Erth       ####......   6%          4    None
g - Bolt of Magma         Conj/Fire/Erth #####.....   6%          5    ##.....
h - Inner Flame           Hex/Fire       #####...     1%          3    None
i - Enslavement           Hex            ####....     7%          4    None


Dungeon Overview and Level Annotations

Branches:
Dungeon (11/15)            Temple (1/1) D:5             Orc (4/4) D:9
    Elf (0/3) Orc:3          Lair (1/8) D:10

Shops:
D:5 *   Orc:2 =

Annotations:
D:3 1 exclusion
D:10 exclusion: downstairs


Message History

Aiming: Bolt of Magma
Press: ? - help, Shift-Dir - straight line, f - orc warrior
Aim: an orc warrior, wielding a battleaxe and wearing a chain mail (inner flame)
The bolt of magma hits the orc warrior.
The orc warrior is moderately wounded.
The bolt of magma hits the orc.
The orc explodes!
The fiery explosion engulfs the orc.
The orc explodes!
The fiery explosion engulfs the orc.
The orc explodes!
The fiery explosion engulfs the orc warrior.
The orc warrior explodes!
The fiery explosion engulfs you! You resist.
The fiery explosion engulfs the orc.
The orc explodes!
The fiery explosion engulfs you! You resist.
* * * LOW HITPOINT WARNING * * *
You are engulfed in roaring flames.
You resist.
You die...

##.##.......
#....#.......
#.......o#o...
#.............
##....§...o...
#...§§§§§......
##.#§§§§§..%...
#...§§§§§......
#...§§@§#......
##.............
##...........
##..........
#..........
....$.....
##........
###.#.## ###


You could see an orc wizard (inner flame) and 2 orcs.

Vanquished Creatures
  2 orc high priests
  2 orc knights (Orc:1)
  5 hill giants
  An orc sorcerer (Orc:3)
  A sixfirhy (Orc:2)
  2 trolls
  Grinder (D:5)
  Prince Ribbit (D:8)
  A two-headed ogre (D:10)
  A wyvern (D:6)
  A deep elf mage (D:9)
  Eustachio (D:7)
  2 hippogriffs (D:10)
  A wraith (D:10)
  2 hungry ghosts (D:9)
  4 yaks (D:9)
  A deep elf fighter (D:10)
  4 wargs (Orc:4)
  Edmund (D:5)
  An ice beast (D:8)
  18 orc warriors
  A water moccasin (Lair:1)
  3 phantoms
  A sky beast (D:9)
  A yellow wasp (D:9)
  10 ogres
  3 centaurs
  Sigmund (D:6)
  A big kobold (D:9)
  2 crocodiles (Lair:1)
  A gnoll sergeant (D:6)
  2 giant frogs
  2 scorpions
  4 jellies
  4 wights (D:8)
  3 crimson imps
  5 electric eels (D:7)
  3 quasits
  3 goliath beetles
  4 human zombies (Ossuary)
  Crazy Yiuf (D:6)
  14 orc priests
  3 iguanas
  4 worker ants
  6 hounds
  20 orc wizards
  A black bear skeleton (D:10)
  A killer bee zombie (D:4)
  A big kobold zombie (Ossuary)
  A crocodile skeleton (D:9)
  A big kobold skeleton (D:9)
  A mummy (Ossuary)
  3 green rats (D:10)
  9 gnolls
  15 adders
  A shadow imp (D:3)
  A giant mite (D:6)
  3 worms
  8 orc zombies
  An adder zombie (Ossuary)
  9 giant geckos
  137 orcs
  A bat skeleton (D:4)
  2 giant cockroaches
  21 hobgoblins
  4 quokkas
  23 bats
  4 giant newts
  A giant newt zombie (D:3)
  A gnoll skeleton (D:6)
  11 goblins
  15 hobgoblin zombies
  10 jackals
  A jackal zombie (Ossuary)
  23 kobolds
  2 kobold skeletons
  10 kobold zombies
  An orc skeleton (D:4)
  24 rats
  A rat skeleton (D:4)
  A rat zombie (Ossuary)
  4 fungi (D:10)
  2 plants (D:10)
510 creatures vanquished.

Vanquished Creatures (collateral kills)
  Urug (Orc:2)
  A red devil (Orc:2)
  2 orc warriors (Orc:2)
  2 ogres (Orc:2)
  4 orc wizards
  8 orcs
  A hobgoblin (Orc:1)
19 creatures vanquished.

Vanquished Creatures (others)
  A phantom (D:8)
  A water moccasin zombie (D:7)
  An orc wizard (D:5)
  A mummy (D:7)
  2 fungi (D:10)
6 creatures vanquished.

Grand Total: 535 creatures vanquished

Notes
Turn   | Place    | Note
--------------------------------------------------------------
     0 | D:1      | Chiseanne, the Demigod Wizard, began the quest for the Orb.
     0 | D:1      | Reached XP level 1. HP: 14/14 MP: 4/4
   483 | D:1      | Reached skill level 1 in Conjurations
   521 | D:1      | Reached skill level 3 in Spellcasting
   740 | D:1      | Reached XP level 2. HP: 14/20 MP: 1/7
  1558 | D:2      | Found a glowing golden altar of the Shining One.
  1569 | D:2      | Found a glowing silver altar of Zin.
  1607 | D:2      | Found a deep blue altar of Sif Muna.
  1654 | D:2      | Reached XP level 3. HP: 10/26 MP: 5/10
  2020 | D:2      | Learned a level 2 spell: Repel Missiles
  2026 | D:2      | Learned a level 3 spell: Conjure Flame
  2030 | D:2      | Learned a level 3 spell: Mephitic Cloud
  2487 | D:3      | Reached XP level 4. HP: 33/33 MP: 1/13
  2840 | D:3      | Noticed a moth of wrath
  2841 | D:3      | Found a bloodstained altar of Trog.
  3203 | D:3      | Reached skill level 4 in Spellcasting
  3306 | D:3      | Reached skill level 1 in Evocations
  3356 | D:3      | Reached XP level 5. HP: 34/38 MP: 2/16
  3812 | D:4      | Noticed a phantom
  3846 | D:4      | Killed a phantom
  3846 | D:4      | Reached XP level 6. HP: 18/45 MP: 7/19
  4458 | D:4      | Reached skill level 5 in Spellcasting
  4678 | D:5      | Entered Level 5 of the Dungeon
  4804 | D:5      | Noticed Grinder
  4830 | D:5      | Killed Grinder
  4830 | D:5      | Reached XP level 7. HP: 16/50 MP: 2/22
  5111 | D:5      | Found Jarakhlo's General Store.
  5115 | D:5      | Bought a potion of magic for 55 gold pieces
  5115 | D:5      | Bought a potion of restore abilities for 30 gold pieces
  5396 | D:5      | Noticed Edmund
  5406 | D:5      | Killed Edmund
  5658 | D:5      | Reached skill level 6 in Spellcasting
  5946 | D:5      | Found a staircase to the Ecumenical Temple.
  5967 | Temple   | Entered the Ecumenical Temple
  6219 | D:6      | Reached XP level 8. HP: 39/57 MP: 19/24
  6439 | D:6      | Noticed Crazy Yiuf
  6443 | D:6      | Killed Crazy Yiuf
  6469 | D:6      | Learned a level 2 spell: Blink
  6532 | D:6      | Reached skill level 5 in Conjurations
  6544 | D:6      | Learned a level 4 spell: Leda's Liquefaction
  6651 | D:6      | Noticed Sigmund
  6655 | D:6      | Killed Sigmund
  6796 | D:6      | Reached skill level 1 in Earth Magic
  6919 | D:6      | Reached skill level 7 in Spellcasting
  6980 | D:7      | Found a stormy altar of Qazlal.
  7009 | D:7      | Noticed Eustachio
  7015 | D:7      | Killed Eustachio
  7053 | D:7      | Found a sand-covered staircase.
  7058 | Ossuary  | Entered an ossuary
  7792 | D:7      | Reached skill level 5 in Dodging
  7792 | D:7      | Reached XP level 9. HP: 33/62 MP: 27/27
  8171 | D:7      | Noticed a hill giant
  8289 | D:7      | Killed a hill giant
  8289 | D:7      | Reached skill level 8 in Spellcasting
  8523 | D:8      | Learned a level 5 spell: Bolt of Magma
  8599 | D:8      | Noticed Prince Ribbit
  8607 | D:8      | Killed Prince Ribbit
  9564 | D:8      | Noticed a hill giant
  9617 | D:8      | Killed a hill giant
  9617 | D:8      | Reached skill level 9 in Spellcasting
 10119 | D:9      | Reached XP level 10. HP: 66/69 MP: 26/29
 10128 | D:9      | Identified a scroll of acquirement
 10435 | D:9      | Identified Blyob's Volume of Igneous Confrontation
 10474 | D:9      | Reached skill level 5 in Evocations
 10666 | D:9      | Found a staircase to the Orcish Mines.
 10670 | D:9      | Found a roughly hewn altar of Beogh.
 11053 | D:9      | Learned a level 3 spell: Inner Flame
 11202 | D:9      | Reached skill level 10 in Spellcasting
 11450 | D:9      | Got a brightly glowing falchion
 11451 | D:9      | Identified the +3 falchion of Streerei {holy, +Rage rF+ rC+ Stlth-} (You found it on level 9 of the Dungeon)
 11583 | D:10     | Entered Level 10 of the Dungeon
 12149 | D:10     | Found a staircase to the Lair.
 12272 | D:10     | Noticed a hill giant
 12279 | D:10     | Killed a hill giant
 12279 | D:10     | Reached skill level 1 in Hexes
 12286 | D:10     | Learned a level 4 spell: Enslavement
 12558 | D:10     | Noticed a hill giant
 12565 | D:10     | Killed a hill giant
 13424 | D:10     | Noticed a hill giant
 13450 | D:10     | Killed a hill giant
 13450 | D:10     | Reached skill level 11 in Spellcasting
 13450 | D:10     | Reached XP level 11. HP: 52/74 MP: 13/32
 13560 | Lair:1   | Entered Level 1 of the Lair of Beasts
 14013 | Orc:1    | Entered Level 1 of the Orcish Mines
 14287 | Orc:2    | Found Ygohiaf's Jewellery Shop.
 14287 | Orc:2    | Noticed Urug
 14315 | Orc:2    | Killed Urug
 14458 | Orc:2    | Bought an uncursed amulet of clarity for 260 gold pieces
 15059 | Orc:3    | Found a staircase to the Elven Halls.
 15324 | Orc:2    | Bought an uncursed ring of wizardry for 390 gold pieces
 15375 | Orc:2    | Reached skill level 1 in Fire Magic
 15883 | Orc:2    | Noticed an orc high priest
 15913 | Orc:2    | Killed an orc high priest
 16582 | Orc:2    | Bought an uncursed ring of magical power for 260 gold pieces
 16906 | Orc:1    | You fall through a shaft!
 17030 | Orc:1    | Reached skill level 5 in Fire Magic
 17672 | Orc:4    | Entered Level 4 of the Orcish Mines
 18489 | Orc:4    | Found a roughly hewn altar of Beogh.
 18533 | Orc:4    | Noticed an orc high priest
 18535 | Orc:4    | Noticed an ice devil
 18537 | Orc:4    | Killed an orc high priest
 18552 | Orc:4    | Noticed an orc high priest
 18564 | Orc:4    | Engulfed by their own flame

Action                   |  1- 3 |  4- 6 |  7- 9 | 10-12 || total
-------------------------+-------+-------+-------+-------++-------
Melee: Short sword       |    28 |       |       |       ||    28
       Scimitar          |     6 |    54 |     4 |       ||    64
       Dagger            |       |       |    31 |       ||    31
       Whip              |       |       |   179 |    68 ||   247
       Falchion          |       |       |       |   147 ||   147
Throw: Javelin           |       |       |       |     3 ||     3
 Cast: Magic Dart        |    88 |   152 |   356 |   445 ||  1041
       Repel Missiles    |     1 |       |       |     1 ||     2
       Conjure Flame     |       |     5 |    17 |    30 ||    52
       Mephitic Cloud    |       |     6 |    28 |    56 ||    90
       Inner Flame       |       |       |       |    54 ||    54
       Blink             |       |       |       |     1 ||     1
       Leda's Liquefacti |       |       |       |     1 ||     1
       Enslavement       |       |       |       |    47 ||    47
       Bolt of Magma     |       |       |       |    34 ||    34
Evoke: Wand              |       |     1 |    19 |    40 ||    60
  Use: Scroll            |     6 |     8 |     5 |    13 ||    32
       Potion            |       |     1 |       |     7 ||     8
 Stab: Confused          |       |     1 |     6 |     5 ||    12
       Sleeping          |       |       |     2 |       ||     2
       Paralysed         |       |       |       |     7 ||     7
  Eat: Chunk             |     3 |     9 |    12 |    25 ||    49
       Fruit             |       |       |     1 |       ||     1
       Bread ration      |       |       |     1 |       ||     1
       Beef jerky        |       |       |       |     2 ||     2
       Royal jelly       |       |       |       |     1 ||     1
